[Event "Israel National League 2024"]
[Site "Israel"]
[Date "2024.02.16"]
[Round "7.6"]
[White "Solomon, Asif"]
[Black "Mindlin, Alon"]
[Result "0-1"]
[ECO "E25"]
[WhiteElo "2242"]
[BlackElo "2438"]
[Annotator "RC"]
[PlyCount "68"]
[EventDate "2024.01.07"]
[EventType "team-tourn"]
[EventCountry "ISR"]
[SourceTitle "playchess.com"]
[Source "ChessBase"]
[SourceQuality "1"]
[TimeControl "40/5400+30:1800+30"]

1. d4 Nf6 2. c4 e6 3. Nc3 Bb4 4. f3 d5 5. a3 Bxc3+ 6. bxc3 c5 7. cxd5 exd5 8. e3 Qc7 9. Ra2 Bf5 10. g4 Be6 11. Ne2 Nc6 12. Nf4 h6 13. Rb2 c4 14. e4 O-O-O 15. e5 Nd7 16. Bg2 g5 17. Nxe6 fxe6 18. h4 Na5 19. hxg5 hxg5 20. Kf2 Nb3 21. Bxg5 Rdg8 22. f4 Qa5 23. Rxh8 Rxh8 24. Qc2 Na1 25. Qb1 Qxc3 26. Qxa1 Qxd4+ 27. Kg3 Nc5 28. Bf3 Ne4+ 29. Bxe4 dxe4 30. Kg2 Qc3 31. Kg1 Qe3+ 32. Rf2 Qh3 33. Ra2 Qh1+ 34. Kf2 Qf3+ 0-1

[Event "Israel National League 2024"]
[Site "Israel"]
[Date "2024.02.16"]
[Round "7.7"]
[White "Parkhov, Yair"]
[Black "Nabaty, Tamir"]
[Result "1/2-1/2"]
[ECO "D11"]
[WhiteElo "2495"]
[BlackElo "2646"]
[Annotator "RC"]
[PlyCount "136"]
[EventDate "2024.01.07"]
[EventType "team-tourn"]
[EventCountry "ISR"]
[SourceTitle "playchess.com"]
[Source "ChessBase"]
[SourceQuality "1"]
[TimeControl "40/5400+30:1800+30"]

1. d4 d5 2. c4 c6 3. Nf3 dxc4 4. e3 b5 5. a4 e6 6. axb5 cxb5 7. b3 Nf6 8. bxc4 bxc4 9. Bxc4 Be7 10. O-O O-O 11. Nbd2 a5 12. Ne5 Bb7 13. Qb3 Ra7 14. Ba3 Nd5 15. Rfc1 Nb4 16. Ndf3 Bxf3 17. Nxf3 Nd7 18. e4 Nf6 19. Qe3 Qa8 20. Nd2 Rc8 21. Bb3 Rac7 22. Rxc7 Rxc7 23. h3 h6 24. Qe2 Nc2 25. Bxc2 Bxa3 26. Rxa3 Rxc2 27. Qd3 Qc6 28. e5 Nh5 29. Qf3 Qxf3 30. Nxf3 Rc1+ 31. Kh2 Rc2 32. Kg1 Nf4 33. Rxa5 g5 34. Ra1 Kg7 35. Rd1 Kg6 36. Kf1 Rc3 37. Ng1 Rc2 38. g3 Nd5 39. Rd3 h5 40. Nf3 h4 41. Ne1 Rc1 42. gxh4 gxh4 43. Rf3 Rc4 44. Rd3 Nf4 45. Rd1 Nxh3 46. d5 exd5 47. Rxd5 Nf4 48. Rd6+ Kg5 49. Nd3 Ne6 50. Rd7 Kg6 51. Kg2 Rg4+ 52. Kh3 Re4 53. Kg2 Rg4+ 54. Kh2 Ng5 55. Ne1 Kf5 56. Ng2 Kxe5 57. Rd8 Ke4 58. Re8+ Kd4 59. Rd8+ Ke4 60. Re8+ Kd3 61. Re7 Kd2 62. Ne3 Rf4 63. Kg2 h3+ 64. Kg1 Ne4 65. Nf1+ Kd3 66. Rd7+ Kc3 67. Ng3 Nxg3 68. fxg3 Rf3 1/2-1/2

[Event "Israel National League 2024"]
[Site "Israel"]
[Date "2024.02.16"]
[Round "7.8"]
[White "Roiz, Michael"]
[Black "Gorodetzky, Matan"]
[Result "1-0"]
[ECO "D30"]
[WhiteElo "2575"]
[BlackElo "2325"]
[Annotator "TA"]
[PlyCount "77"]
[EventDate "2024.01.07"]
[EventType "team-tourn"]
[EventCountry "ISR"]
[SourceTitle "playchess.com"]
[Source "ChessBase"]
[SourceQuality "1"]
[TimeControl "40/5400+30:1800+30"]

1. Nf3 d5 2. d4 Nf6 3. c4 e6 4. e3 c5 5. cxd5 exd5 6. Bb5+ Nc6 7. O-O Qb6 8. Nc3 {[%emt 0:06:35][%cal Oe3e4] Black must now prevent e4!} Bd7 9. dxc5 Qxc5 {[%emt 0:02:50] White is slightly better.} 10. Qd3 Be7 11. b3 O-O 12. Bb2 Rad8 13. Bxc6 bxc6 14. Rac1 Qa5 15. Na4 c5 16. Bxf6 gxf6 17. Nc3 {[%emt 0:00:23] Wards off Bb5} (17. Qxd5 Bxa4 18. Qe4 Bb5 19. Qxe7 Bxf1 (19... Qxa2 $2 {perishes.} 20. Rfe1 $18) 20. Rxf1 Kg7 $11 (20... Qxa2 21. Qxf6 Qxb3 22. Qg5+ Kh8 23. Qf6+ Kg8 24. Qg5+ Kh8 25. Qf6+ Kg8 $16)) 17... Be6 18. Rfd1 Kh8 19. Qb5 Qb6 20. Rd2 Rd6 21. Rcd1 {[%emt 0:07:27] next Qxb6 is good for White.} Rfd8 22. Qa4 a6 23. Ne2 {[%emt 0:02:51][%cal Bc3e2,Be2g3,Bg3f5][%mdl 32] White is more active.} Qb7 24. Qh4 Rg8 25. Kf1 (25. Ne1 $14) 25... Bg4 26. h3 Bf5 27. Ng3 Bg6 {[%emt 0:01:25] [#]} (27... Be6 $1 $14) 28. Qf4 $1 $16 Rgd8 29. Nf5 $36 {[%emt 0:00:58][%mdl 2048] White is on the roll.} Qb5+ 30. Kg1 Bxf5 31. Qxf5 c4 (31... Qd7 $16 {was worth a try.} 32. Nh4 Qe6) 32. Qf4 cxb3 33. Nd4 ({Don't take} 33. axb3 $6 Qxb3 34. Nh4 Qb7) 33... Qb4 34. axb3 Rb6 35. Rc2 Qd6 36. Qf3 Bf8 37. Rdc1 Bg7 38. Rc7 Qf8 39. Qh5 {[%emt 0:00:31] Weighted Error Value: White=0.10 (very precise) /Black=0.30.  Mistake:       	White=1     	Black=2      Inaccurate:     	White=3     	Black=5      OK:         	White=15    	Black=8      Best:        	White=1     	---} 1-0

[Event "Israel National League 2024"]
[Site "Israel"]
[Date "2024.02.16"]
[Round "7.9"]
[White "Stolyarsky, Yegor"]
[Black "Steinberg, Nitzan"]
[Result "0-1"]
[ECO "E11"]
[WhiteElo "2111"]
[BlackElo "2551"]
[Annotator "TA"]
[PlyCount "66"]
[EventDate "2024.01.07"]
[EventType "team-tourn"]
[EventCountry "ISR"]
[SourceTitle "playchess.com"]
[Source "ChessBase"]
[SourceQuality "1"]
[TimeControl "40/5400+30:1800+30"]

1. d4 Nf6 2. c4 e6 3. Nf3 Bb4+ 4. Bd2 c5 5. a3 Bxd2+ 6. Qxd2 cxd4 7. Nxd4 O-O 8. Nc3 {[%emt 0:00:30] The position is equal.} a6 9. g3 Qc7 10. b3 b5 11. cxb5 Bb7 {[%emt 0:00:10] Prevents Bg2} 12. f3 d5 13. e3 (13. Bh3 $14) 13... e5 $15 14. bxa6 Nxa6 15. Ndb5 Qe7 {[%emt 0:01:14][%mdl 1024] Threatens to win with ...d4. Black has compensation.} 16. Kf2 (16. Be2 $15) 16... Nc5 $17 17. Rb1 {[%emt 0:02:56] Now White is beyond hope.} (17. Qe2 $17 {keeps fighting.}) 17... Rfd8 $19 {[%emt 0:03:29][%cal Od5d4] ...d4! is the strong threat.} 18. b4 $2 (18. Re1) 18... Ne6 {[%emt 0:01:58] Hoping for ...d4.} 19. Bd3 e4 20. Be2 {[%emt 0:00:59] [#]} (20. Nd4 {is a better defense.}) 20... d4 $1 21. exd4 exf3 22. Bxf3 Bxf3 23. Kxf3 Qb7+ 24. Ke2 $2 {[%emt 0:05:17] [#]} (24. Kf2 Ne4+ (24... Ng4+ 25. Kg1 $11) 25. Nxe4 Qxe4 (25... Qxb5 26. Qe3 $17) 26. Nc3 Qf5+ (26... Qxd4+ 27. Qxd4 Rxd4 28. Rhc1 $15) 27. Kg2 Rxd4 (27... Rxa3 28. Rhf1 $11) 28. Qe2) 24... Nxd4+ 25. Nxd4 Qg2+ ({And not} 25... Rxa3 26. Rhe1 $15) 26. Kd1 Qxh1+ 27. Kc2 Qb7 28. Rb3 (28. Kb2 $142) 28... Ne4 {[%emt 0:06:02] Black is clearly winning.} 29. Qe3 Nxc3 30. Rxc3 Qd5 31. Kd3 Qa2 32. b5 h6 {[%emt 0:01:53][%cal Oa8a4] ( -> ...Ra4!)} 33. b6 Qb1+ {[%emt 0:00:13] Weighted Error Value: White=1.21/Black=0.49.  Loses game:     	White=1     	---        Mistake:       	White=6     	Black=1      Inaccurate:     	White=2     	Black=3      OK:         	White=5     	Black=13     Best:        	White=3     	Black=3} (33... Ra4 $142 34. Rc1 Qb2 (34... Rdxd4+ $2 35. Qxd4 Rxd4+ 36. Kxd4 $19) (34... Qxa3+ $2 35. Ke2 $19) (34... Rxa3+ $2 35. Rc3 $19)) 0-1

[Event "Israel National League 2024"]
[Site "Israel"]
[Date "2024.02.16"]
[Round "7.10"]
[White "Mikhalevski, Victor"]
[Black "Katkov, Michelle"]
[Result "1-0"]
[ECO "A07"]
[WhiteElo "2524"]
[BlackElo "2106"]
[Annotator "TA"]
[PlyCount "61"]
[EventDate "2024.01.07"]
[EventType "team-tourn"]
[EventCountry "ISR"]
[SourceTitle "playchess.com"]
[Source "ChessBase"]
[SourceQuality "1"]
[TimeControl "40/5400+30:1800+30"]

1. Nf3 Nf6 2. g3 d5 3. Bg2 c6 4. O-O Bg4 5. h3 Bh5 {[%emt 0:00:05] [#]} 6. c4 $1 e6 (6... dxc4 7. Na3) 7. d4 Nbd7 8. cxd5 {[%emt 0:00:30] The position is equal.} exd5 9. Qb3 Nb6 10. a4 a5 11. Ne5 {[%emt 0:05:00] Inhibits Nfd7.} Be7 12. Nc3 Bg6 13. f4 {[%emt 0:02:41] Hoping for f5.} (13. e4 {feels hotter.} dxe4 14. Nxe4 O-O 15. Nxf6+ Bxf6 16. g4) 13... Bf5 14. g4 Bc8 15. f5 Nfd7 16. e4 Nxe5 17. dxe5 $40 {[%emt 0:01:30][%mdl 128] Black is in trouble.} d4 18. Nd1 {[%emt 0:08:13][%cal Og4g5,Bc3d1,Bd1f2,Bf2g4][%mdl 32] White is more active.} Bc5 {[%emt 0:12:07] This costs Black the game.} ({Black should try} 18... O-O $14) 19. Bf4 O-O 20. Nf2 Bb4 21. g5 c5 22. Qg3 c4 23. Ng4 d3 24. Kh1 Ra6 $2 {[%emt 0:06:54] [#]} (24... Nd7 25. Nf6+ Kh8) 25. Nf6+ $1 $18 Kh8 {[%emt 0:00:09] [#]} 26. g6 $1 fxg6 {[%emt 0:04:46] [#]} 27. fxg6 $1 {[%emt 0:01:17][%cal Og3h4] Threatening mate with Qh4!} Rxf6 28. exf6 ({Not} 28. Qh4 h6 29. exf6 Qxf6 $18) 28... Qxf6 {[%emt 0:01:59] [#]} 29. Bd2 $1 Qe7 (29... Qxg6 30. Bxb4) 30. Bxb4 axb4 {[%emt 0:00:22] [#]} 31. Qh4 $3 {[%emt 0:00:07][%mdl 512] Weighted Error Value: White=0.05 (flawless) /Black=0.53.  Mistake:       	---       	Black=2      Inaccurate:     	White=2     	Black=2      OK:         	White=12    	Black=6      Best:        	White=1     	Black=3} 1-0

[Event "Israel National League 2024"]
[Site "Israel"]
[Date "2024.02.16"]
[Round "7.11"]
[White "Kunin, Pavel"]
[Black "Kobo, Ori"]
[Result "1-0"]
[ECO "E11"]
[WhiteElo "2221"]
[BlackElo "2541"]
[Annotator "TA"]
[PlyCount "91"]
[EventDate "2024.01.07"]
[EventType "team-tourn"]
[EventCountry "ISR"]
[SourceTitle "playchess.com"]
[Source "ChessBase"]
[SourceQuality "1"]
[TimeControl "40/5400+30:1800+30"]

1. d4 Nf6 2. c4 e6 3. Nf3 Bb4+ 4. Bd2 Qe7 5. Nc3 b6 6. e3 Bxc3 7. Bxc3 Ne4 8. Qc2 Bb7 9. Be2 O-O 10. O-O Nxc3 11. Qxc3 d6 12. Ne1 c5 13. Rd1 Nc6 14. dxc5 {[%emt 0:00:00] The position is equal.} bxc5 15. Bf3 Rab8 16. Rd2 Rfd8 17. Nd3 Nb4 18. Bxb7 Qxb7 19. Nxb4 Qxb4 20. Qc2 a5 21. Rfd1 a4 22. g3 (22. Rxd6 $2 Rxd6 (22... Qxb2 23. Rxd8+ Rxd8 24. Rxd8#) 23. Rf1 Rd2 $19 (23... Qxb2 $2 24. Qxa4 Qb4 25. Qc2 $19)) 22... Rb6 23. Rd3 Kf8 24. b3 Ke7 25. bxa4 Qb2 26. Qxb2 Rxb2 $11 {[%emt 0:00:02][%mdl 4096] Endgame. KRR-KRR} 27. Ra3 Ra8 28. Rb3 Rb8 29. Rdd3 Kd7 30. Rxb8 Rxb8 {[%emt 0:00:02] KR-KR} 31. Rb3 Ra8 32. Ra3 (32. Rb7+ Ke8 33. Rb6 Rxa4 $15) 32... d5 33. Kf1 Kc6 {[%emt 0:00:29][%mdl 1024] Black has compensation.} 34. Ke2 ({Of course not} 34. cxd5+ exd5 35. Ke2 c4) 34... Rb8 (34... dxc4 $11 35. Kd2 Rd8+ 36. Kc2 Rd6) 35. Rb3 (35. Kd3 $1 $14) 35... Ra8 36. Ra3 Rb8 37. Rb3 Rxb3 $4 {[%emt 0:00:39][%mdl 8192] [#]} (37... Ra8 $11) 38. cxd5+ $1 $18 (38. axb3 dxc4 39. bxc4 Kb6 $19) 38... exd5 39. axb3 $11 {[%emt 0:00:00] KP-KP} Kb6 40. Kd3 f5 41. Kc3 Ka5 42. h4 g6 {[%emt 0:14:36][%cal Bg7g6,Bg6g5][%mdl 32] [#]} 43. b4+ $1 cxb4+ (43... Kb6 44. a5+) 44. Kb3 h6 {[%emt 0:00:17] [#]} 45. f3 $1 g5 46. h5 {[%emt 0:00:00] Weighted Error Value: White=0.08 (flawless) /Black=0.52.  Loses game:     	---       	Black=1      Mistake:       	White=1     	Black=1      Inaccurate:     	White=3     	Black=5      OK:         	White=11    	Black=9      Strong:       	White=1     	---} 1-0

[Event "Israel National League 2024"]
[Site "Israel"]
[Date "2024.02.16"]
[Round "7.13"]
[White "Emanuel, Yahav"]
[Black "Kochavi, Ori"]
[Result "1/2-1/2"]
[ECO "B13"]
[WhiteElo "2333"]
[BlackElo "2428"]
[Annotator "ChessBase"]
[PlyCount "317"]
[EventDate "2024.01.07"]
[EventType "team-tourn"]
[EventCountry "ISR"]
[SourceTitle "playchess.com"]
[Source "ChessBase"]
[SourceQuality "1"]
[TimeControl "40/5400+30:1800+30"]

1. e4 c6 2. d4 d5 3. exd5 cxd5 4. Bd3 Nc6 5. c3 Qc7 6. h3 e6 7. Nf3 Bd6 8. O-O Nge7 9. Re1 a6 10. a4 O-O 11. b3 f6 12. Ba3 Bd7 13. Bxd6 Qxd6 14. Nbd2 Be8 15. Bf1 Bh5 16. Qe2 Bf7 17. g3 Rae8 18. b4 a5 19. b5 Nb8 20. c4 dxc4 21. Nxc4 Qd8 22. Qb2 Nd5 23. b6 Nc6 24. Nfd2 Re7 25. Rad1 Ncb4 26. Ne4 Nxb6 27. Nxa5 N6d5 28. Nc4 b6 29. Nc3 Ra7 30. Ra1 Nxc3 31. Qxc3 Nd5 32. Qb3 Ra8 33. Bg2 Rb8 34. Qb2 Ne7 35. Rab1 Bg6 36. Rbc1 Nf5 37. Rxe6 Qxd4 38. Rxb6 Rxb6 39. Qxb6 Nxg3 40. Qxd4 Ne2+ 41. Kh2 Nxd4 42. Rd1 Nb3 43. a5 Bf7 44. Nd6 Nxa5 45. Nxf7 Kxf7 46. Ra1 Nb3 47. Bd5+ Kg6 48. Bxb3 Rb8 49. Bc2+ Kh6 50. Ra7 Rc8 51. Bb1 Rb8 52. Bd3 Rd8 53. Be4 Rd4 54. Bb1 Rb4 55. Bc2 Rc4 56. Bb3 Rb4 57. Bg8 Rb8 58. Bc4 Rc8 59. Ba2 Rc2 60. Kg2 Rb2 61. Bc4 Rc2 62. Bd3 Rc3 63. Rd7 Ra3 64. Bc4 Rc3 65. Be6 Rc6 66. Bd5 Rc5 67. Ba2 Rg5+ 68. Kf1 Ra5 69. Bb3 Rb5 70. Bf7 Rb8 71. Kg2 Rf8 72. Kg3 Ra8 73. Kh2 Rf8 74. Kg2 Ra8 75. Rd5 g6 76. Rd7 Rb8 77. Bd5 Re8 78. Rf7 Rd8 79. Bc4 Rc8 80. Bb3 Rb8 81. Ba2 Ra8 82. Bc4 f5 83. Bd5 Rd8 84. Be6 Re8 85. Bd7 Rb8 86. Bc6 Rc8 87. Bb7 Rd8 88. Rc7 Re8 89. Bd5 Rd8 90. Bb3 Rb8 91. Ba2 Ra8 92. Bc4 Rd8 93. Kg3 Ra8 94. Bd5 Rd8 95. Ba2 Rd3+ 96. Kg2 Rd8 97. Bb3 Rb8 98. Be6 Re8 99. Bc4 Ra8 100. Kg3 Rd8 101. f3 Rb8 102. Kf4 Re8 103. Rb7 Rc8 104. Bd5 Re8 105. Rc7 Rb8 106. Rd7 Re8 107. Rb7 Rc8 108. Ke5 Rd8 109. Be6 Rf8 110. Ra7 Rd8 111. Kf6 Rf8+ 112. Rf7 Ra8 113. Rb7 Rf8+ 114. Bf7 Ra8 115. Rb4 Kh5 116. Kg7 Ra7 117. h4 Rc7 118. Ra4 Rb7 119. Rd4 Ra7 120. Rf4 Rc7 121. Rb4 Ra7 122. Rd4 Rc7 123. Rb4 Ra7 124. Kg8 Rc7 125. Ra4 Kh6 126. Kf8 Rd7 127. Be8 Rc7 128. Rf4 Rc8 129. Rb4 Rc7 130. Rd4 Kh5 131. Bd7 Rc3 132. Rf4 Rc7 133. Be6 Ra7 134. Kg8 Kh6 135. Kh8 Kh5 136. Rb4 Re7 137. Bg8 h6 138. Bh7 Re8+ 139. Kg7 Re7+ 140. Kg8 Ra7 141. Rb8 Ra3 142. f4 g5 143. fxg5 hxg5 144. hxg5 Kxg5 145. Rf8 f4 146. Be4 Kg4 147. Kf7 Kg3 148. Ke6 f3 149. Rg8+ Kf2 150. Bd5 Ke1 151. Rg1+ Kf2 152. Rc1 Kg3 153. Ke5 f2 154. Kd4 Ra4+ 155. Ke3 Rf4 156. Rf1 Rf8 157. Bc6 Rf6 158. Be4 Rf8 159. Bc6 1/2-1/2

[Event "Israel National League 2024"]
[Site "Israel"]
[Date "2024.02.16"]
[Round "7.14"]
[White "Ben Ari, Yannay"]
[Black "Tifferet, Shakked"]
[Result "0-1"]
[ECO "E06"]
[WhiteElo "2417"]
[BlackElo "2334"]
[Annotator "TA"]
[PlyCount "80"]
[EventDate "2024.01.07"]
[EventType "team-tourn"]
[EventCountry "ISR"]
[SourceTitle "playchess.com"]
[Source "ChessBase"]
[SourceQuality "1"]
[TimeControl "40/5400+30:1800+30"]

1. c4 e6 2. Nc3 d5 3. d4 Be7 4. Nf3 Nf6 5. g3 O-O 6. Bg2 dxc4 7. Ne5 Nc6 8. Bxc6 bxc6 9. Nxc6 Qe8 10. Nxe7+ Qxe7 11. Qa4 c5 12. dxc5 Qxc5 13. Be3 Qc7 14. O-O-O {[%emt 0:02:18] The position is equal.} Bd7 15. Qa3 Rfc8 {[%emt 0:03:26] Black is weak on the dark squares} 16. f3 a5 17. Rd2 Be8 18. Rhd1 Qb7 19. Bc5 Bc6 20. Rd4 Nd7 (20... Nd5 {is interesting.} 21. Ne4 c3 22. bxc3 Rcb8) 21. Be7 (21. Rxc4 $2 Bd5 22. Rcd4 (22. Nxd5 $2 exd5 23. Rc3 Rxc5 $19) 22... Nxc5 $19 (22... Rxc5 $2 23. e4 $19)) 21... Nb6 22. e4 {[%emt 0:12:10] Prevents Nd5} (22. Rd8+ $14 Be8 23. Rxc8 Nxc8 24. Bc5) 22... h6 23. Bc5 Nd7 {[%emt 0:01:02] And now ...Nxc5 would win.} 24. Bd6 (24. Rxc4 $2 Ne5 25. Rcd4 Nxf3 $19) 24... Bb5 ({Black should play} 24... f5 $11) 25. g4 $14 Ra6 (25... Qb6 $11) 26. h4 $16 Rac6 (26... Raa8 $16) 27. Qxa5 (27. g5 $18) 27... Rb6 {[%emt 0:00:52] [#]} 28. Nxb5 $2 (28. Ba3 $1 $16) 28... Rxb5 $11 29. Qc3 Nb6 {[%emt 0:01:00][%mdl 1024] Black has compensation.} 30. Ba3 $1 Qa8 {[%emt 0:01:40] Threatens to win with ...e5.} 31. Rd6 $2 {[%emt 0:01:36][%mdl 8192] White does not recover from this.} (31. Be7 $11 {and White has nothing to worry.}) 31... Na4 $19 32. Qd4 (32. Qc2 Rbb8 33. Kb1 Nxb2 34. Bxb2) 32... Rbb8 33. g5 {[%emt 0:01:18] Hoping for gxh6.} hxg5 34. Rg1 c3 (34... gxh4 35. Qxg7#) 35. b3 {[%emt 0:02:08] [#]} (35. Rxg5 $142 cxb2+ 36. Kd2 Qa5+ (36... b1=R 37. Qxg7#) (36... b1=N+ $2 37. Ke1 $18) (36... g6 $2 37. Rd7 $19) 37. Rxa5) 35... Nb6 $1 36. Bb4 (36. Bc5 Qxa2) 36... Qxa2 $1 37. Bxc3 {[%emt 0:00:00] [#]} Rxc3+ $1 38. Qxc3 Rc8 $2 (38... gxh4 39. Qxg7#) (38... Qa3+ 39. Kd1 Qxd6+ 40. Qd2 Qxd2+ 41. Kxd2 gxh4) 39. Rd8+ $2 (39. Rc6 Rxc6 40. Qxc6 Qa1+ (40... Qxb3 41. Rxg5 Nc4 42. Qe8+ Kh7 43. Rh5+ Kg6 44. Rg5+ Kh7 45. Rh5+ Kg6 46. Rg5+ Kh7 $11) 41. Kd2 Qxg1 42. Qe8+ Kh7 43. Qxf7 Qd4+ (43... gxh4 44. Qh5+ Kg8 45. Qe8+ Kh7 46. Qh5+ Kg8 47. Qe8+ Kh7 48. Qh5+ $11) 44. Ke2 Qb2+ (44... gxh4 45. Qh5+ Kg8 46. Qe8+ Kh7 47. Qh5+ Kg8 48. Qe8+ Kh7 49. Qh5+ $11) 45. Kf1 Qc1+ (45... Qxb3 46. Qh5+ Kg8 47. Qe8+ Kh7 48. Qh5+ Kg8 49. Qe8+ Kh7 50. Qh5+ $11) 46. Kg2 gxh4 47. Qxe6 Qg5+ 48. Kh1) 39... Rxd8 40. Rxg5 Rc8 {[%emt 0:00:43] Weighted Error Value: White=0.75/Black=0.43.  Loses game:     	White=1     	---        Mistake:       	White=5     	Black=3      Inaccurate:     	White=1     	Black=4      OK:         	White=7     	Black=5      Best:        	---       	Black=4      Strong:       	White=1     	---} 0-1

[Event "Israel National League 2024"]
[Site "Israel"]
[Date "2024.02.16"]
[Round "7.15"]
[White "Lev, Ronen"]
[Black "Iliaguev, Nisim"]
[Result "1-0"]
[ECO "E36"]
[WhiteElo "2341"]
[BlackElo "2399"]
[Annotator "TA"]
[PlyCount "85"]
[EventDate "2024.01.07"]
[EventType "team-tourn"]
[EventCountry "ISR"]
[SourceTitle "playchess.com"]
[Source "ChessBase"]
[SourceQuality "1"]
[TimeControl "40/5400+30:1800+30"]

1. d4 Nf6 2. c4 e6 3. Nc3 Bb4 4. Qc2 d5 5. cxd5 exd5 6. a3 Be7 (6... Bxc3+ $11 7. bxc3 O-O) 7. Bg5 O-O 8. e3 c6 9. Bd3 {[%emt 0:00:29] White is slightly better.} h6 10. Bh4 Be6 11. Nge2 Nbd7 12. Nf4 Bd6 13. O-O g5 14. Nxe6 fxe6 15. Bg3 Bxg3 16. hxg3 Kg7 17. e4 {[%emt 0:06:55][%cal Be3e4,Be4e5][%mdl 32] White is more active.} Qb6 18. e5 Ng4 19. Be2 $1 (19. Ne2 Ndxe5 20. Bh7 (20. dxe5 $2 Rxf2 21. Kh1 Rxg2 $19) 20... Nc4 $15) 19... Nxf2 {[%emt 0:13:03] [#]} 20. Bh5 $1 {[%emt 0:03:32] Dancing on a razor blade.} (20. Rxf2 $2 Rxf2 21. Kxf2 Qxd4+ (21... Nxe5 $2 22. Rd1 $18) 22. Ke1 Qg1+ (22... Qxe5 23. Nd1 $17) 23. Kd2 (23. Bf1 $2 Rf8 $19) 23... Qxa1 $19) 20... Rf5 $1 21. Rxf2 Qxd4 22. Raf1 Nxe5 23. Kh2 $36 {[%emt 0:00:37][%mdl 2048] Keeping Black busy.} Rxf2 24. Rxf2 Ng4+ 25. Bxg4 Qxg4 26. Rf1 Qh5+ 27. Kg1 Qg6 (27... Rf8 $16 28. Rxf8 Kxf8 29. Qf2+ Ke7 30. Qxa7 Kf6 31. Qxb7 d4 32. Ne4+ Ke5) 28. Qf2 $18 e5 (28... Kg8 $142 29. Qe3 g4) 29. g4 Qe6 30. Ne2 d4 31. Ng3 Rd8 32. Qf5 (32. Qe1 $18 {has better winning chances. Strongly threatening Nh5+.} Rf8 33. Nf5+ Kh7 34. Rf3) 32... Qxf5 $16 33. gxf5 {[%emt 0:00:02][%mdl 4096] Endgame. KRN-KR} (33. Rxf5 $6 d3 34. Rf1 (34. Rxe5 $2 d2 $19) 34... Kg6 $16) 33... c5 34. Ne4 (34. f6+ Kf7 $11) 34... c4 35. Kf2 b5 36. Ke2 a5 37. g4 Rb8 {[%emt 0:01:00] [#]} (37... Rd7 $16 {keeps fighting.} 38. Rc1 d3+ 39. Ke3 Rd4) 38. f6+ $1 $18 Kf7 39. Rf5 b4 $2 (39... Rb6 {is tougher.} 40. Kd1 (40. Rxe5 Re6 $18) 40... Re6) 40. Rxe5 {[%emt 0:01:55] aiming for Re7+.} c3 41. bxc3 {[%emt 0:37:52] Threatens to win with Re7+.} (41. Rxa5 cxb2 42. Ra7+ Kg8 $11 (42... Kf8 43. Nd6 $11)) 41... b3 42. Re7+ (42. cxd4 b2 43. Re7+ (43. Rxa5 $2 {loses.} b1=Q $19) 43... Kf8 $16) 42... Kf8 43. Nc5 {[%emt 0:01:03] Weighted Error Value: White=0.11 (very precise) /Black=0.47.  Missed win:     	White=1     	---        Mistake:       	---       	Black=4      Inaccurate:     	---       	Black=3      OK:         	White=15    	Black=10     Best:        	White=6     	Black=2      Strong:       	White=3     	Black=1} ({Less strong is} 43. cxd4 b2 44. Nd2 b1=R 45. Nxb1 Rxb1 $16) 1-0